General information
- name: BNet
- type: Ladder team game (AT/RT)
- host: Battle.net
- saver: WOWsearch_times
map: TurtleRock
- players: 4
- length: 25:49
- speed: Fast
- version: 1.24 W3XP
- replay type: Public
» download(179 KB)
Players
team 1 (loser)
DizzyS (
yellow | 171 APM | 4405 actions | 25:47)
5 Dark Ranger
2 Black Arrow
3 Silence
2 Pandaren Brewmaster
1 Breath of Fire
1 Drunken Haze
» actions
| Assign group hotkey | 131 | |
| Basic commands | 184 | |
| Build / train | 177 | |
| ESC pressed | 6 | |
| Enter build submenu | 19 | |
| Enter hero's abilities submenu | 7 | |
| Give item / drop item | 3 | |
| Remove unit from queue | 1 | |
| Right click | 2354 | |
| Select / deselect | 463 | |
| Select group hotkey | 986 | |
| Use ability | 74 | |
4405 total
» units
| Wisp | 36 | |
| Archer | 19 | |
| Dryad | 21 | |
| Hippogryph | 48 | |
124 total
» upgrades
| Improved Bows | 1 | |
| Nature's Blessing | 1 | |
| Strength of the Wild | 2 | |
| Well Spring | 1 | |
| Reinforced Hides | 2 | |
| Hippogryph Taming | 1 | |
8 total
» buildings
| Moon Well | 7 | |
| Ancient of War | 1 | |
| Altar of Elders | 1 | |
| Tree of Ages | 5 | |
| Hunter's Hall | 1 | |
| Tree of Life | 3 | |
| Ancient of Lore | 1 | |
| Ancient of Wonders | 2 | |
| Ancient of Wind | 2 | |
| Ancient Protector | 1 | |
| Tree of Eternity | 4 | |
28 total
» build order
00:17 Moon Well
00:31 Ancient of War
00:59 Altar of Elders
01:13 Moon Well
02:35 Moon Well
04:08 Tree of Ages
04:08 Tree of Ages
04:34 Hunter's Hall
04:48 Moon Well
06:04 Tree of Life
06:58 Ancient of Lore
07:01 Ancient of Wonders
07:25 Ancient of Wind
08:04 Ancient Protector
10:03 Tree of Life
14:37 Tree of Eternity
14:37 Tree of Eternity
15:24 Moon Well
15:44 Ancient of Wonders
16:47 Moon Well
18:27 Moon Well
18:38 Tree of Life
21:58 Ancient of Wind
» items
| Staff of Preservation | 1 | |
| Scroll of Town Portal | 1 | |
| Potion of Healing | 3 | |
| Anti-magic Potion | 3 | |
| Potion of Lesser Invulnerability | 1 | |
| Boots of Speed | 1 | |
10 total
ghost_derek (
red | 183 APM | 4711 actions | 25:42)
4 Beastmaster
2 Summon Quilbeast
2 Summon Hawk
3 Pandaren Brewmaster
2 Breath of Fire
1 Drunken Haze
» actions
| Assign group hotkey | 119 | |
| Basic commands | 170 | |
| Build / train | 106 | |
| ESC pressed | 7 | |
| Enter build submenu | 29 | |
| Enter hero's abilities submenu | 7 | |
| Give item / drop item | 3 | |
| Right click | 2081 | |
| Select / deselect | 587 | |
| Select group hotkey | 1363 | |
| Use ability | 239 | |
4711 total
» units
» upgrades
| Improved Bows | 1 | |
| Nature's Blessing | 1 | |
| Abolish Magic | 1 | |
| Strength of the Wild | 1 | |
| Reinforced Hides | 1 | |
5 total
» buildings
| Moon Well | 6 | |
| Altar of Elders | 1 | |
| Ancient of War | 3 | |
| Tree of Ages | 2 | |
| Ancient of Wonders | 1 | |
| Hunter's Hall | 1 | |
| Ancient of Lore | 2 | |
| Ancient Protector | 3 | |
| Tree of Life | 6 | |
25 total
» build order
00:17 Moon Well
00:18 Altar of Elders
00:33 Ancient of War
01:15 Moon Well
02:41 Moon Well
04:56 Tree of Ages
04:57 Tree of Ages
05:16 Ancient of Wonders
05:22 Hunter's Hall
06:30 Moon Well
07:37 Ancient of Lore
07:38 Ancient of Lore
08:00 Ancient Protector
12:20 Moon Well
12:45 Tree of Life
16:27 Tree of Life
18:08 Tree of Life
19:29 Tree of Life
20:11 Tree of Life
20:31 Moon Well
21:36 Ancient Protector
21:36 Ancient Protector
22:22 Tree of Life
23:28 Ancient of War
23:34 Ancient of War
» items
| Lesser Clarity Potion | 5 | |
| Dust of Appearance | 1 | |
| Staff of Preservation | 4 | |
| Scroll of Town Portal | 1 | |
| Staff of Teleportation | 1 | |
| Potion of Lesser Invulnerability | 1 | |
| Scroll of Healing | 1 | |
| Scroll of Protection | 1 | |
| Orb of Venom | 4 | |
19 total
team 2 (winner)
helmut (
green | 79 APM | 2047 actions | 25:47)
7 Blademaster
3 Wind Walk
3 Critical Strike
1 Bladestorm
» actions
| Assign group hotkey | 67 | |
| Basic commands | 38 | |
| Build / train | 68 | |
| Enter build submenu | 35 | |
| Enter hero's abilities submenu | 7 | |
| Give item / drop item | 1 | |
| Right click | 984 | |
| Select / deselect | 225 | |
| Select group hotkey | 530 | |
| Use ability | 92 | |
2047 total
» units
| Peon | 10 | |
| Troll Batrider | 22 | |
| Wind Rider | 12 | |
44 total
» upgrades
| Ranged Weapons | 3 | |
| Liquid Fire | 1 | |
| Reinforced Defenses | 1 | |
| Armor | 2 | |
| Envenomed Spears | 1 | |
8 total
» buildings
| Altar of Storms | 1 | |
| Orc Burrow | 9 | |
| War Mill | 1 | |
| Voodoo Lounge | 1 | |
| Watch Tower | 14 | |
| Stronghold | 1 | |
| Fortress | 1 | |
| Beastiary | 4 | |
32 total
» build order
00:07 Altar of Storms
00:12 Orc Burrow
00:40 War Mill
01:15 Voodoo Lounge
01:58 Watch Tower
02:13 Watch Tower
03:38 Stronghold
03:41 Watch Tower
03:43 Watch Tower
03:46 Watch Tower
05:04 Watch Tower
05:05 Watch Tower
05:06 Watch Tower
06:11 Fortress
06:30 Beastiary
06:33 Beastiary
06:37 Beastiary
06:41 Beastiary
06:43 Orc Burrow
07:45 Orc Burrow
07:49 Orc Burrow
16:40 Watch Tower
16:41 Watch Tower
16:42 Watch Tower
16:43 Watch Tower
16:43 Watch Tower
16:44 Watch Tower
19:51 Orc Burrow
19:51 Orc Burrow
19:52 Orc Burrow
19:53 Orc Burrow
22:29 Orc Burrow
» items
| Healing Salve | 2 | |
| Lesser Clarity Potion | 3 | |
5 total
WOWsearch_times (
orange | 82 APM | 2123 actions | 25:49)
7 Mountain King
3 Storm Bolt
3 Bash
1 Avatar
» actions
| Assign group hotkey | 158 | |
| Basic commands | 39 | |
| Build / train | 86 | |
| ESC pressed | 4 | |
| Enter build submenu | 40 | |
| Enter hero's abilities submenu | 7 | |
| Give item / drop item | 6 | |
| Right click | 810 | |
| Select / deselect | 286 | |
| Select group hotkey | 573 | |
| Use ability | 114 | |
2123 total
» units
| Peasant | 15 | |
| Gryphon Rider | 7 | |
| Dragonhawk Rider | 4 | |
| Mortar Team | 6 | |
| Knight | 1 | |
33 total
» upgrades
| Masonry | 3 | |
| Storm Hammers | 1 | |
| Swords | 3 | |
| Armor | 3 | |
| Animal War Training | 1 | |
| Fragmentation Shards | 1 | |
12 total
» buildings
| Altar of Kings | 1 | |
| Farm | 12 | |
| Scout Tower | 18 | |
| Lumber Mill | 1 | |
| Arcane Tower | 2 | |
| Guard Tower | 12 | |
| Keep | 1 | |
| Castle | 2 | |
| Gryphon Aviary | 2 | |
| Blacksmith | 1 | |
| Arcane Vault | 1 | |
| Barracks | 1 | |
| Town Hall | 1 | |
| Workshop | 2 | |
57 total
» build order
00:12 Altar of Kings
00:35 Farm
00:51 Farm
00:55 Scout Tower
01:06 Lumber Mill
01:46 Scout Tower
01:48 Arcane Tower
01:48 Arcane Tower
02:02 Scout Tower
02:40 Guard Tower
02:40 Guard Tower
02:57 Scout Tower
03:49 Guard Tower
03:49 Guard Tower
03:51 Scout Tower
03:53 Scout Tower
04:25 Keep
04:54 Guard Tower
07:00 Castle
07:09 Scout Tower
07:13 Gryphon Aviary
07:15 Gryphon Aviary
07:17 Farm
07:18 Farm
07:50 Guard Tower
07:50 Guard Tower
07:53 Scout Tower
07:54 Scout Tower
08:35 Guard Tower
08:50 Blacksmith
08:52 Farm
08:53 Farm
11:45 Arcane Vault
13:23 Scout Tower
13:23 Scout Tower
13:24 Scout Tower
13:24 Scout Tower
13:26 Scout Tower
13:26 Scout Tower
14:11 Barracks
14:34 Guard Tower
14:35 Scout Tower
14:36 Scout Tower
14:47 Guard Tower
14:51 Town Hall
14:53 Scout Tower
15:41 Guard Tower
19:56 Farm
19:56 Farm
20:24 Workshop
20:30 Farm
20:31 Farm
20:39 Workshop
23:30 Farm
23:30 Farm
» items
| Boots of Speed | 1 | |
| Staff of Teleportation | 1 | |
| Lesser Clarity Potion | 5 | |
| Healing Salve | 4 | |
| Scroll of Speed | 1 | |
| Scroll of Town Portal | 2 | |
| Orb of Lightning | 1 | |
| Staff of Sanctuary | 1 | |
16 total
Chat log
(00:25 / Allies) WOWsearch_times: double elf
(00:31 / Allies) WOWsearch_times: if they dont stop us before bats theyre boned
(01:21 / Allies) WOWsearch_times: one of them aow creeping
(01:24 / Allies) WOWsearch_times: maybe not retards
(01:38 / Allies) WOWsearch_times: tav hero for both?
(02:21 / Allies) WOWsearch_times: beast master and dark ranger
(02:21 / Allies) WOWsearch_times: wtf
(02:30 / Allies) helmut: pro strat?
(02:36 / Allies) WOWsearch_times: go kill all those wisps
(02:37 / Allies) WOWsearch_times: pls
(03:01 / Allies) WOWsearch_times: tower plenty
(04:01 / Allies) WOWsearch_times: beastmaster
(04:52 / Allies) WOWsearch_times: shit
(05:05 / Allies) WOWsearch_times: go beast
(05:13 / Allies) WOWsearch_times: or no
(05:14 / Allies) WOWsearch_times: they come for u
(05:16 / Allies) WOWsearch_times: mass repair
(05:49 / Allies) WOWsearch_times: u never shared
(06:15 / Allies) WOWsearch_times: if u need res for bats ask
(06:17 / Allies) WOWsearch_times: go stop that expo
(06:19 / Allies) helmut: wod
(06:55 / Allies) WOWsearch_times: get wisps
(07:25 / Allies) WOWsearch_times: dont elt new wisps
(07:26 / Allies) WOWsearch_times: come
(07:29 / Allies) WOWsearch_times: jack between their base and army
(08:13 / Allies) WOWsearch_times: as soon as u have 4+ bats start harassing
(08:41 / Allies) WOWsearch_times: up tower armor asap
(09:19 / Allies) WOWsearch_times: do greens with bm
(09:31 / Allies) helmut: now they are sitting in their bases
(09:34 / Allies) helmut: is it jsut me or do they hack
(09:38 / Allies) WOWsearch_times: no they are legit
(09:50 / Allies) WOWsearch_times: top one is open for harassing
(09:54 / Allies) WOWsearch_times: mroe than bottom
(09:57 / Allies) WOWsearch_times: he leaving onyll one dryad
(10:09 / Allies) WOWsearch_times: focus arhcers
(10:17 / Allies) WOWsearch_times: wait
(10:25 / Allies) WOWsearch_times: go archers
(12:20 / Allies) WOWsearch_times: lets creep top red
(12:20 / Allies) WOWsearch_times: fast
(12:26 / Allies) WOWsearch_times: u need boots
(13:46 / Allies) WOWsearch_times: bat expos
(16:39 / Allies) WOWsearch_times: use bats
(16:40 / Allies) WOWsearch_times: constantly
(17:05 / Allies) WOWsearch_times: need wyvs
(17:21 / Allies) WOWsearch_times: cancel
(17:28 / Allies) WOWsearch_times: i smell hack
(17:32 / Allies) helmut: letgit my ass
(17:53 / Allies) helmut: for every obvious hacker there are 8 subtle ones
(19:05 / Allies) WOWsearch_times: pfffffffffffft
(19:30 / Allies) helmut: what is the point of this wrangling
(19:45 / Allies) WOWsearch_times: ok break
(19:46 / Allies) WOWsearch_times: mass wyvs hard
(20:08 / Allies) helmut: with that much gold i can almost get to 50 food
(20:19 / Allies) WOWsearch_times: ya nvm
(20:20 / Allies) WOWsearch_times: dont break
(20:22 / Allies) WOWsearch_times: ill try for morts
(21:04 / Allies) WOWsearch_times: wood?
(22:28 / Allies) WOWsearch_times: massing morst now
(23:07 / Allies) WOWsearch_times: lets meet
(23:08 / Allies) WOWsearch_times: now
(23:09 / Allies) WOWsearch_times: in my base
(23:38 / Allies) WOWsearch_times: we hti now
(23:43 / Allies) WOWsearch_times: GO
(25:12 / All) WOWsearch_times: dick up your ass nubhackers
(25:44 / All) WOWsearch_times: RAPED
(25:46 / All) WOWsearch_times: DICK S UP YOUR ASS